 Dungeon Sprint DCSS version 0.25.1-2-g60ff931df9 (webtiles) character file.

Game seed: 18246237339482592201

119 howech the Magician (level 4, -5/24 HPs)
             Began as a Deep Elf Fire Elementalist on Oct 23, 2020.
             Was a Follower of Okawaru.
             Killed by nerve-wracking pain
             ... invoked by a shadow imp
              (13 damage)
             ... in the Dungeon (Sprint V: "Ziggurat Sprint").
             The game lasted 00:02:28 (299 turns).

howech the Magician (Deep Elf Fire Elementalist)     Turns: 299, Time: 00:02:29

Health: -5/24      AC:  2    Str:  5      XL:     4   Next: 73%
Magic:  15/15      EV: 15    Int: 21      God:    Okawaru [*.....]
Gold:   0          SH:  0    Dex: 24 (27) Spells: 16/17 levels left

rFire    . . .     SeeInvis .   I - +7 Singing Sword {vorpal, sonic wave}
rCold    . . .     Gourm    .   (no shield)
rNeg     . . .     Faith    .   a - +0 robe
rPois    .         Spirit   .   (no helmet)
rElec    .         Reflect  .   (no cloak)
rCorr    .         Harm     .   (no gloves)
MR       .....     NoTele   +   (no boots)
Stlth    +++.......             (no amulet)
HPRegen  0.08/turn              C - +6 ring of dexterity
MPRegen  0.14/turn              D - +6 ring of dexterity

@: no status effects
A: no striking features
a: Heroism, Renounce Religion


You were in the Dungeon.
You worshipped Okawaru.
Okawaru was aware of your devotion.
You were not hungry.

You visited 1 branch

Inventory:

Hand Weapons
 I - the +7 Singing Sword (weapon) {vorpal, sonic wave}
   (You found it in the Dungeon)

   It inflicts extra damage upon your enemies.
Armour
 a - a +0 robe (worn)
 b - +5 fire dragon scales
 j - +5 gold dragon scales
 k - +5 shadow dragon scales
 l - +5 storm dragon scales
Jewellery
 B - an uncursed ring of flight
 C - a +6 ring of dexterity (left hand)
 D - a +6 ring of dexterity (right hand)
 E - a +6 ring of intelligence
 F - a +6 ring of intelligence
 G - a +6 ring of strength
 H - a +6 ring of strength
Wands
 y - a wand of disintegration (7)
 z - a wand of iceblast (7)
 A - a wand of acid (7)
Scrolls
 i - 4 scrolls of blinking
 s - 4 scrolls of amnesia
 t - 7 scrolls of fog
 u - a scroll of holy word
 v - 5 scrolls of identify
 w - 5 scrolls of remove curse
 x - 2 scrolls of fear
Potions
 d - 10 potions of curing
 e - 10 potions of heal wounds
 f - 6 potions of haste
 g - 7 potions of magic
 h - 3 potions of berserk rage
 m - 2 potions of brilliance
 n - a potion of invisibility
 o - 4 potions of resistance
 q - 4 potions of stabbing
 r - 5 potions of might
Comestibles
 c - 7 rations


   Skills:
 + Level 1.8 Long Blades
 + Level 1.6 Armour
 + Level 3.7 Dodging
 - Level 2.4 Stealth
 + Level 7.1 Spellcasting
 * Level 6.0 Conjurations
 * Level 6.8 Fire Magic
 + Level 2.3 Invocations
 + Level 2.3 Evocations


You had 16 spell levels left.
You knew the following spells:

 Your Spells              Type           Power        Failure   Level  Hunger
a - Foxfire               Conj/Fire      ####         1%          1    None

Your spell library contained the following spells:

 Spells                   Type           Power        Failure   Level  Hunger
 Conjure Flame            Conj/Fire      ####....     1%          3    #......
 Inner Flame              Hex/Fire       ###.....     6%          3    #......
 Sticky Flame             Conj/Fire      ####....     6%          4    ###....
 Fireball                 Conj/Fire      ####......   17%         5    #####..


Dungeon Overview and Level Annotations

Branches:
Dungeon (1/1)

Altars:
Ashenzari
Cheibriados
Dithmenos
Elyvilon
Fedhas
Gozag
Hepliaklqana
Kikubaaqudgha
Makhleb
Nemelex Xobeh
Okawaru
Qazlal
Ru
Sif Muna
Trog
Uskayaw
Vehumet
Wu Jian
Xom
Yredelemnul
Zin
The Shining One
Beogh
Jiyva
Lugonu

Annotations:
D 1 transporter


Message History

The quasit bites you. The quasit closely misses you.
The quasit claws you but does no damage.
The shadow imp barely misses you.
You riposte.
You closely miss the shadow imp. The quasit closely misses you. x2
The quasit claws you but does no damage.
The quasit closely misses you. The quasit misses you. The quasit claws you.
You miss the quasit. The quasit bites you.
You feel clumsy. The quasit claws you. The quasit misses you.
The quasit bites you.
You feel clumsy. The quasit completely misses you. The quasit misses you.
The shadow imp hits you. The quasit closely misses you.
You riposte.
You completely miss the quasit. The quasit barely misses you.
The quasit completely misses you.
You closely miss the quasit. The quasit misses you.
The quasit barely misses you. x2
The shadow imp gestures at you. Pain shoots through your body!
Ouch! That really hurt!
You die...

▓▓▓▓▓▓▓▓▓▓▓▓▓
▓.8©8.▓.8©8.▓
▓.!:).▓.....▓
▓.....▓.=.).▓
▓.....▓.....▓
▓.555.▓.....▓
▓..@..▓..©..▓
▓..©..▓▓▓▓▓▓▓
▓▓▓▓▓▓▓


You could see 2 quasits and a shadow imp.

Vanquished Creatures
  A porcupine (D)
  A river rat (D)
2 creatures vanquished.

Notes
Turn   | Place    | Note
-------+----------+-------------------------------------------
     0 | D        | howech the Deep Elf Fire Elementalist began the quest for
                  | the Orb.
     0 | D        | Reached XP level 1. HP: 10/10 MP: 6/6
     4 | D        | Found a blossoming altar of Fedhas.
     5 | D        | Found the +6 Majin-Bo {vamp, Archmagi MP+6 Int+6}
     5 | D        | Found the +7 great mace "Firestarter" {inner flame, rF++}
     5 | D        | Found a shimmering blue altar of Sif Muna.
     5 | D        | Found a sacrificial altar of Ru.
     5 | D        | Found a bloodstained altar of Trog.
     5 | D        | Found a stormy altar of Qazlal.
     5 | D        | Found an iron altar of Okawaru.
     5 | D        | Found a sparkling altar of Nemelex Xobeh.
     7 | D        | Found a transporter.
     7 | D        | Found an ancient bone altar of Kikubaaqudgha.
     7 | D        | Found a viscous altar of Jiyva.
     7 | D        | Found a corrupted altar of Lugonu.
     7 | D        | Found a hazy altar of Hepliaklqana.
     7 | D        | Found a burning altar of Makhleb.
     7 | D        | Found an opulent altar of Gozag.
    23 | D        | Found the +9 heavy crossbow "Sniper" {vorpal, Acc+∞ SInv}
    23 | D        | Found the +10 dark maul {vorpal}
    23 | D        | Found the +15 Maxwell's patent armour {-Cast -Tele rElec
                  | MR+ rCorr}
    23 | D        | Found the +18 shield of the Gong {rElec rN+ MR+ EV-5}
    23 | D        | Found the cursed +14 obsidian axe {vorpal, +Fly SInv
                  | *Curse}
    24 | D        | Found the +6 shillelagh "Devastator" {shatter}
    24 | D        | Found the +11 plutonium sword {*Contam Stlth-}
    24 | D        | Found the +8 lance "Wyrmbane" {slay drac, rPois rF+ rC+
                  | AC+3}
    24 | D        | Found the +9 sword of Zonguldrok {reap}
    24 | D        | Found the cursed +13 scythe of Curses {drain, *Curse}
    24 | D        | Found the +0 sword of Power
    24 | D        | Found the +7 mace of Variability {chain chaos}
    24 | D        | Found the +7 Singing Sword {vorpal, sonic wave}
    24 | D        | Found the +8 storm bow {elec, penet}
    30 | D        | Became a worshipper of Warmaster Okawaru
    34 | D        | Reached skill level 6 in Spellcasting
    34 | D        | Reached skill level 5 in Fire Magic
    34 | D        | Reached XP level 2. HP: 15/15 MP: 7/11
    70 | D        | Entered arena 2.
    70 | D        | Noticed a porcupine
    70 | D        | Found a transporter.
    71 | D        | Found the +8 whip "Snakebite" {curare, rPois}
    74 | D        | Killed a porcupine
    74 | D        | Reached * piety under Okawaru
    74 | D        | Reached skill level 1 in Long Blades
    74 | D        | Reached skill level 1 in Armour
    74 | D        | Reached skill level 7 in Spellcasting
    74 | D        | Reached skill level 5 in Conjurations
    74 | D        | Reached XP level 3. HP: 5/19 MP: 11/13
    74 | D        | Reached XP level 4. HP: 6/24 MP: 12/15
   294 | D        | Entered arena 3.
   294 | D        | Found a transporter.
   299 | D        | Killed from afar by a shadow imp

Illustrated notes

Levels and vault maps discovered:
D:        sprint_v [room_start, room_1, room_2, room_3, room_4, room_5, room_6,
          room_7, room_8, room_9, room_10, room_11, room_12, room_13, room_14,
          room_15, room_16, room_17, room_18, room_19, room_20, room_21,
          room_22, room_23, room_24, room_25, room_26, room_27]

Skill      XL: |  1  2  3  4 |
---------------+-------------+-----
Spellcasting   | 6 7 |  7.1
Conjurations   | 4 5 6 |  6.0
Fire Magic     | 5 6 |  6.8
Long Blades    | 1 |  1.8
Armour         | 1 |  1.6
Dodging        | 3 |  3.7
Invocations    | 2 |  2.3
Evocations     | 2 |  2.3
Stealth        | |  2.4

Action                   |  1- 3 |  4- 6 || total
-------------------------+-------+-------++-------
Melee: Double sword      |     2 |     5 ||     7
  Use: Potion            |     3 |       ||     3
 Stab: Sleeping          |     3 |     1 ||     4
Armor: Robe              |       |     6 ||     6
Dodge: Dodged            |     4 |    26 ||    30
       Rpst.: Double sword |     1 |     3 ||     4
